 Seeded DCSS version 0.32-a0-928-g1cae6b7ea0 (webtiles) character file.

Game seed: 202404124 (custom seed)

89 Orlauf the Chopper (level 4, -4/35 HPs)
             Began as a Demonspawn Gladiator on Apr 12, 2024.
             Slain by an orc
             ... wielding a +0 hand axe
              (5 damage)
             ... on level 3 of the Dungeon.
             The game lasted 00:02:08 (1632 turns).

Orlauf the Chopper (Demonspawn Gladiator)           Turns: 1632, Time: 00:02:08

Health: -4/35      AC:  8    Str: 16    XL:     4   Next: 31%
Magic:  4/4        EV:  9    Int: 15    God:
Gold:   66         SH:  0    Dex: 14    Spells: 3/3 levels left

rFire   . . .        a - +1 war axe
rCold   . . .        (no shield)
rNeg    . . .        h - +0 scale mail
rPois   .            c - +0 helmet
rElec   .            (no cloak)
rCorr   .            i - +0 pair of gloves
SInv    .            (no boots)
Will    .....        (no amulet) Stlth
                     l - +6 ring of intelligence
HPRegen 0.25/turn    (no ring)
MPRegen 0.09/turn

%: no passive effects
@: confused, hasted, very quick
A: large bone plates 1, spiny 1, demonic magic 1
a: no special abilities


You were on level 3 of the Dungeon.
You visited 1 branch of the dungeon, and saw 3 of its levels.

You collected 66 gold pieces.

Inventory:

Hand Weapons
 a - a +1 war axe (weapon)
 b - a +0 mace
Missiles
 d - 3 throwing nets (quivered)
 e - a javelin
Armour
 c - a +0 helmet (worn)
 h - a +0 scale mail (worn)
 i - a +0 pair of gloves (worn)
Jewellery
 l - a +6 ring of intelligence (left hand)
Scrolls
 f - 2 scrolls of identify
Potions
 g - a potion of haste
 j - 2 potions of attraction


   Skills:
 + Level 3.1 Fighting
 * Level 4.1 Axes
 - Level 1.7 Throwing
 - Level 2.6 Dodging


You had 3 spell levels left.
You didn't know any spells.
Your spell library was empty.

Dungeon Overview and Level Annotations

Branches:
Dungeon (3/15)

Altars:

Shops:
D:2 :


Innate Abilities, Weirdness & Mutations

You are partially covered in large bone plates. (SH +4)
You are partially covered in sharp spines.
Spells you cast may paralyse adjacent enemies.


Message History

The orc attacks as it pursues you! The orc barely misses you.
The goblin hits you but does no damage. Something hits you but does no damage.
You are electrocuted!
You barely miss the orc. You miss something. You miss the goblin.
The orc barely misses you.
You hear some strange, mumbled words.
A magic dart appears from out of thin air!
The magic dart hits you. The goblin is struck by your spines.
You kill the goblin!
You bump into the rock wall.
The orc barely misses you. The orc hits you but does no damage.
The endoplasm freezes you.
You are frozen.
* * * LOW HITPOINT WARNING * * *
Unknown command.
You feel yourself speed up. The orc barely misses you.
The orc is struck by your spines. The orc hits you but does no damage.
You hear some strange, mumbled words.
Something tries to affect you, but you resist.
The endoplasm freezes you.
You are frozen.
* * * LOW HITPOINT WARNING * * *
You bump into the rock wall.
The orc is struck by your spines. The orc barely misses you.
The orc is struck by your spines. The orc barely misses you.
The orc is struck by your spines. The orc hits you but does no damage.
You hear some strange, mumbled words.
A magic dart appears from out of thin air!
The magic dart hits you.
* * * LOW HITPOINT WARNING * * *
The endoplasm freezes you.
You are frozen.
* * * LOW HITPOINT WARNING * * *
You miss the orc.
The orc is almost dead.
You hit the orc. You hit the endoplasm. You closely miss something.
You slash the orc!
You kill the orc!
The orc hits you with a +0 hand axe.
You die...

.. ....#.#.....#
#.#.........#.# ###
...##.##..... #..
###.#...#.###.
..#.#)....)....(#.
###...###.#...#.###.
#...#.....##.##...)†
#.o{##.#.........#.#
.#####.o@##.....#.#......
.......Jo####.#.#[#.#..##
................###......
.........######......####
.........#######.#.#.##..
........................#
........#################
......).# # #######(# #


You could see 3 orcs and an endoplasm.

Vanquished Creatures
  4 adders
  2 orcs (D:3)
  10 endoplasms
  2 giant cockroaches (D:1)
  6 goblins
  3 hobgoblins
  4 kobolds
  A quokka (D:1)
  8 ball pythons
  4 bats
  2 frilled lizards (D:1)
  5 rats
51 creatures vanquished.

Notes
Turn   | Place    | Note
-------+----------+-------------------------------------------
     0 | D:1      | Orlauf the Demonspawn Gladiator began the quest for the
                  | Orb.
     0 | D:1      | Reached XP level 1. HP: 16/16 MP: 1/1
     2 | D:1      | Noticed a human
     2 | D:1      | Noticed a tengu
     4 | D:1      | Noticed a draconian
     4 | D:1      | Noticed a naga
     6 | D:1      | Noticed an elf
     6 | D:1      | Noticed a dwarf
     8 | D:1      | Noticed an oni
     8 | D:1      | Noticed an octopode
    10 | D:1      | Noticed a demonspawn
    10 | D:1      | Noticed a demigod
    12 | D:1      | Noticed a minotaur
    12 | D:1      | Noticed a spriggan
    14 | D:1      | Noticed a barachi
    17 | D:1      | Noticed a felid
    19 | D:1      | Noticed an armataur
    19 | D:1      | Noticed a vampire
    21 | D:1      | Noticed a formicid
    23 | D:1      | Noticed a troll
    23 | D:1      | Noticed a djinni
    25 | D:1      | Noticed a merfolk
    25 | D:1      | Noticed a ghoul
    27 | D:1      | Noticed a gargoyle
    29 | D:1      | Noticed a vine stalker
    90 | D:1      | Reached skill level 3 in Axes
   178 | D:1      | Gained mutation: Spells you cast may paralyse adjacent
                  | enemies. [demonic ancestry]
   178 | D:1      | Reached XP level 2. HP: 19/22 MP: 2/2
  1004 | D:2      | Found Atsivirch's Book Shoppe.
  1018 | D:2      | Gained mutation: You are partially covered in large bone
                  | plates. (SH +4) [demonic ancestry]
  1018 | D:2      | Reached XP level 3. HP: 28/28 MP: 3/3
  1425 | D:2      | Gained mutation: You are partially covered in sharp spines.
                  | [demonic ancestry]
  1425 | D:2      | Reached XP level 4. HP: 35/35 MP: 4/4
  1529 | D:3      | Reached skill level 4 in Axes
  1631 | D:3      | HP: 1/35 [frozen (2)]
  1632 | D:3      | Slain by an orc

Illustrated notes

Levels and vault maps discovered:
D:1:      kb_arrival_jail, layout_loops_ring, serial_forest,
          infiniplex_forest_clump_diagonal, infiniplex_forest_join,
          infiniplex_forest_straight_5, infiniplex_forest_end_double,
          infiniplex_forest_join, infiniplex_forest_clump_tiny,
          infiniplex_forest_clump_diagonal
D:2:      layout_rooms, serial_shops, shop
D:3:      layout_basic, serial_bayou, serial_bayou_lagoon_a,
          serial_bayou_lake_a, serial_bayou_pond_e, serial_bayou_shore_b,
          grunt_decor_cap, minmay_fractal_squares_5, uniq_crazy_yiuf_cottage

Skill      XL: |  1  2  3  4 |
---------------+-------------+-----
Axes           | 3 4 |  4.1
Fighting       | 3 |  3.1
Throwing       | |  1.7
Dodging        | |  2.6

Action                     |  1- 3 |  4- 6 || total
---------------------------+-------+-------++-------
  Melee: War axe           |    84 |    17 ||   101
    Use: Scroll            |     2 |     4 ||     6
         Potion            |       |     1 ||     1
   Stab: Sleeping          |     1 |       ||     1
 Armour: Leather armour    |    58 |       ||    58
         Scale mail        |       |    14 ||    14
         Ring mail         |       |     3 ||     3
  Dodge: Dodged            |    49 |    17 ||    66
  Block: Other             |     6 |     1 ||     7

Table legend: (Time is in decaauts)
 A = Elapsed time spent in this place.
 B = Non-inter-level travel time spent in this place.
 C = Inter-level travel time spent in this place.
 D = Time resting spent in this place.
 E = Time spent auto-exploring this place.
 F = Levels seen in this place.
 G = Mean time per level.
                   A        B        C        D        E       F      G
               +--------+--------+--------+--------+--------+-----+--------+
         Total |   1664 |   1633 |     31 |      0 |   1286 |   3 |  554.7 |
       Dungeon |   1664 |   1633 |     31 |      0 |   1286 |   3 |  554.7 |
               +--------+--------+--------+--------+--------+-----+--------+

Top non-repeatable levels by time:
     D:1: 1021 daAuts
     D:2: 532 daAuts
     D:3: 110 daAuts
